TOP OF THE 1ST |
Put-In-Bay BC batting - Pitching for Grim Reapers : RHP Bill Tennant
|
Pitching: RHP Bill Tennant
|
|
Batting: RHB Eduard Argelander
|
0-0: Foul Ball, location: 2F 0-1: Fly out, F9 (Flyball, 9LS, EV 90.0 MPH)
|
Batting: LHB Javier Castro
|
0-0: Called Strike 0-1: Ball 1-1: Ball 2-1: Swinging Strike 2-2: Foul Ball, location: 2F 2-2: Ball 3-2: Strikes out swinging
|
Batting: LHB Snow Wang
|
0-0: Fly out, F8 (Line Drive, 8LM, EV 85.0 MPH)
|
Top of the 1st over - 0 runs, 0 hits, 0 errors, 0 left on base; Put-In-Bay 0 - Grim 0 |
BOTTOM OF THE 1ST |
Grim Reapers batting - Pitching for Put-In-Bay BC : RHP Jeremy Brody
|
Pitching: RHP Jeremy Brody
|
|
Batting: LHB Lorenzo Ortíz
|
0-0: Swinging Strike 0-1: Called Strike 0-2: Strikes out looking
|
Batting: RHB Hayes Rutherford
|
0-0: Foul Ball, location: 2F 0-1: Ground out 5-3 (Groundball, 5S, EV 67.5 MPH)
|
Batting: RHB Lonnie Doble
|
0-0: Foul Ball, location: 2F 0-1: SINGLE (Flyball, 7LS, EV 87.5 MPH) - OUT at second base trying to stretch hit.
|
Bottom of the 1st over - 0 runs, 1 hit, 0 errors, 0 left on base; Put-In-Bay 0 - Grim 0 |
TOP OF THE 2ND |
Put-In-Bay BC batting - Pitching for Grim Reapers : RHP Bill Tennant
|
Batting: LHB Sergio Morán
|
0-0: Foul Ball, location: 2F 0-1: Ball 1-1: Foul Ball, location: 2F 1-2: Ball 2-2: Strikes out swinging, 2-3 out at first.
|
Batting: RHB Martin Payton
|
0-0: Called Strike 0-1: Foul Ball, location: 2F 0-2: Strikes out swinging
|
Batting: RHB Tom Hendrickson
|
0-0: Called Strike 0-1: Ball 1-1: Ball 2-1: Swinging Strike 2-2: Fly out, F8 (Flyball, 8LM, EV 95.0 MPH)
|
Top of the 2nd over - 0 runs, 0 hits, 0 errors, 0 left on base; Put-In-Bay 0 - Grim 0 |
BOTTOM OF THE 2ND |
Grim Reapers batting - Pitching for Put-In-Bay BC : RHP Jeremy Brody
|
Batting: SHB Fernando Urby
|
0-0: Called Strike 0-1: Ball 1-1: Called Strike 1-2: Strikes out swinging
|
Batting: LHB Lonnie Baker
|
0-0: Foul Ball, location: 2F 0-1: Called Strike 0-2: Foul Ball, location: 2F 0-2: Foul Ball, location: 2F 0-2: Strikes out looking
|
Batting: RHB Alfred Coleman
|
0-0: Called Strike 0-1: Ball 1-1: Called Strike 1-2: Ball 2-2: Ball 3-2: DOUBLE (Line Drive, 89D, EV 108.1 MPH)
|
Batting: RHB Adrián Sánchez
|
0-0: Fly out, F8 (Flyball, 8RXD, EV 90.6 MPH)
|
Bottom of the 2nd over - 0 runs, 1 hit, 0 errors, 1 left on base; Put-In-Bay 0 - Grim 0 |
TOP OF THE 3RD |
Put-In-Bay BC batting - Pitching for Grim Reapers : RHP Bill Tennant
|
Batting: RHB Andy Noonkester
|
0-0: Ball 1-0: SINGLE (Groundball, 6MD, EV 106.9 MPH)
|
Batting: RHB Victor Haley
|
0-0: Ball 1-0: Ball 2-0: Swinging Strike 2-1: Ball 3-1: Fly out, F8 (Flyball, 8RXD, EV 84.4 MPH)
|
Batting: RHB Kent Potter
|
0-0: Ball 1-0: Called Strike 1-1: Called Strike 1-2: Ball 2-2: Foul Ball, location: 2F 2-2: Strikes out looking
|
Batting: RHB Eduard Argelander
|
0-0: Called Strike 0-1: Foul Ball, location: 2F 0-2: Ball Andy Noonkester is caught stealing 2nd base 2-4
|
Top of the 3rd over - 0 runs, 1 hit, 0 errors, 0 left on base; Put-In-Bay 0 - Grim 0 |
BOTTOM OF THE 3RD |
Grim Reapers batting - Pitching for Put-In-Bay BC : RHP Jeremy Brody
|
Batting: RHB Cristo Mercado
|
0-0: Ball 1-0: Ball 2-0: Fly out, F8 (Flyball, 8RS, EV 90.0 MPH)
|
Batting: RHB Gerardo Días
|
0-0: Ball 1-0: Ball 2-0: Ball 3-0: Called Strike 3-1: SINGLE (Line Drive, 6MD, EV 95.6 MPH)
|
Batting: LHB Lorenzo Ortíz
|
0-0: Ball 1-0: Fly out, F7 (Flyball, 78M, EV 89.4 MPH)
|
Batting: RHB Hayes Rutherford
|
0-0: Called Strike 0-1: Ball 1-1: Swinging Strike 1-2: Strikes out swinging
|
Bottom of the 3rd over - 0 runs, 1 hit, 0 errors, 1 left on base; Put-In-Bay 0 - Grim 0 |
TOP OF THE 4TH |
Put-In-Bay BC batting - Pitching for Grim Reapers : RHP Bill Tennant
|
Batting: RHB Eduard Argelander
|
0-0: Called Strike 0-1: Ball 1-1: Ball 2-1: Ball 3-1: SINGLE (Flyball, 8RS, EV 96.2 MPH)
|
Batting: LHB Javier Castro
|
0-0: Swinging Strike 0-1: Foul Ball, location: 2F 0-2: Ball 1-2: Strikes out swinging
|
Batting: LHB Snow Wang
|
0-0: Ball 1-0: Foul Ball, location: 2F 1-1: Fly out, F9 (Flyball, 9S, EV 86.2 MPH)
|
Batting: LHB Sergio Morán
|
0-0: Called Strike Eduard Argelander steals 2nd base 0-1: Swinging Strike 0-2: Ball 1-2: Ball 2-2: Foul Ball, location: 2F 2-2: Fly out, F8 (Flyball, 89XD, EV 95.6 MPH)
|
Top of the 4th over - 0 runs, 1 hit, 0 errors, 1 left on base; Put-In-Bay 0 - Grim 0 |
BOTTOM OF THE 4TH |
Grim Reapers batting - Pitching for Put-In-Bay BC : RHP Jeremy Brody
|
Batting: RHB Lonnie Doble
|
0-0: Called Strike 0-1: Ball 1-1: Called Strike 1-2: Ball 2-2: Ball 3-2: Foul Ball, location: 2F 3-2: Foul Ball, location: 2F 3-2: Strikes out swinging
|
Batting: SHB Fernando Urby
|
0-0: Swinging Strike 0-1: Ground out 4-3 (Groundball, 4D, EV 104.4 MPH)
|
Batting: LHB Lonnie Baker
|
0-0: Called Strike 0-1: Swinging Strike 0-2: Fly out, F6 (Popup, 4MS, EV 81.9 MPH)
|
Bottom of the 4th over - 0 runs, 0 hits, 0 errors, 0 left on base; Put-In-Bay 0 - Grim 0 |
TOP OF THE 5TH |
Put-In-Bay BC batting - Pitching for Grim Reapers : RHP Bill Tennant
|
Batting: RHB Martin Payton
|
0-0: Ball 1-0: Ground out 4-3 (Groundball, 4, EV 90.6 MPH)
|
Batting: RHB Tom Hendrickson
|
0-0: Called Strike 0-1: Foul Ball, location: 2F 0-2: Ball 1-2: Foul Ball, location: 2F 1-2: Ball 2-2: Foul Ball, location: 2F 2-2: Ball 3-2: Foul Ball, location: 2F 3-2: Foul Ball, location: 2F 3-2: SINGLE (Line Drive, 8LS, EV 95.6 MPH)
|
Batting: RHB Andy Noonkester
|
0-0: Called Strike 0-1: Swinging Strike 0-2: Foul Ball, location: 2F 0-2: Strikes out looking
|
Batting: RHB Victor Haley
|
0-0: Foul Ball, location: 2F 0-1: Ball 1-1: Ball 2-1: Foul Ball, location: 2F 2-2: Strikes out swinging
|
Top of the 5th over - 0 runs, 1 hit, 0 errors, 1 left on base; Put-In-Bay 0 - Grim 0 |
BOTTOM OF THE 5TH |
Grim Reapers batting - Pitching for Put-In-Bay BC : RHP Jeremy Brody
|
Batting: RHB Alfred Coleman
|
0-0: Ball 1-0: Ball 2-0: Foul Ball, location: 2F 2-1: Ground out 6-3 (Groundball, 6, EV 110.6 MPH)
|
Batting: RHB Adrián Sánchez
|
0-0: Ball 1-0: Ball 2-0: Called Strike 2-1: Ground out 5-3 (Groundball, 56, EV 101.9 MPH)
|
Batting: RHB Cristo Mercado
|
0-0: Ball 1-0: Ball 2-0: Ball 3-0: Called Strike 3-1: Foul Ball, location: 2F 3-2: Foul Ball, location: 2F 3-2: Foul Ball, location: 2F 3-2: Base on Balls
|
Batting: RHB Gerardo Días
|
0-0: Called Strike 0-1: Ball 1-1: Ball 2-1: Foul Ball, location: 2F 2-2: TRIPLE (Flyball, 89XD, EV 92.5 MPH) Cristo Mercado scores
|
Batting: LHB Lorenzo Ortíz
|
0-0: Called Strike 0-1: Called Strike 0-2: Ball 1-2: Foul Ball, location: 2F 1-2: Ball 2-2: Strikes out swinging
|
Bottom of the 5th over - 1 run, 1 hit, 0 errors, 1 left on base; Put-In-Bay 0 - Grim 1 |
TOP OF THE 6TH |
Put-In-Bay BC batting - Pitching for Grim Reapers : RHP Bill Tennant
|
Batting: RHB Kent Potter
|
0-0: Ball 1-0: Called Strike 1-1: Swinging Strike 1-2: Ball 2-2: Strikes out swinging
|
Batting: RHB Eduard Argelander
|
0-0: Fly out, F6 (Popup, 4M, EV 69.4 MPH)
|
Batting: LHB Javier Castro
|
0-0: Ball 1-0: Foul Ball, location: 2F 1-1: Hit by Pitch
|
Batting: LHB Snow Wang
|
0-0: Called Strike 0-1: Ball 1-1: Ball 2-1: Ball 3-1: Foul Ball, location: 2F 3-2: Ground out 4-3 (Groundball, 4M, EV 90.0 MPH)
|
Top of the 6th over - 0 runs, 0 hits, 0 errors, 1 left on base; Put-In-Bay 0 - Grim 1 |
BOTTOM OF THE 6TH |
Grim Reapers batting - Pitching for Put-In-Bay BC : RHP Jeremy Brody
|
Batting: RHB Hayes Rutherford
|
0-0: Swinging Strike 0-1: Ball 1-1: Ball 2-1: SINGLE (Line Drive, 8RS, EV 106.2 MPH)
|
Batting: RHB Lonnie Doble
|
0-0: Ball 1-0: SINGLE (Flyball, 8LS, EV 90.0 MPH) Hayes Rutherford to second
|
Batting: SHB Fernando Urby
|
0-0: Foul Ball, location: 2F 0-1: DOUBLE (Line Drive, 7LM, EV 102.5 MPH) Hayes Rutherford scores Lonnie Doble to third
|
Batting: LHB Lonnie Baker
|
0-0: Ball 1-0: Ball 2-0: Called Strike 2-1: Ball 3-1: Base on Balls
|
Batting: RHB Alfred Coleman
|
0-0: Ball 1-0: Ball 2-0: Called Strike 2-1: Foul Ball, location: 2F 2-2: Grounds into fielders choice 1-2 (Groundball, 15S, EV 66.2 MPH) Fernando Urby to third Lonnie Baker to second
|
Batting: RHB Adrián Sánchez
|
0-0: Ball 1-0: SINGLE (Groundball, 5, EV 83.1 MPH) (infield hit) Fernando Urby scores Lonnie Baker to third Alfred Coleman to second
|
Batting: RHB Cristo Mercado
|
0-0: Called Strike 0-1: Ball 1-1: Fly out, F9 (Flyball, 9D, EV 88.1 MPH) Runner from 3rd tags up, SCORES, no throw by RF Alfred Coleman to third
|
Batting: RHB Gerardo Días
|
0-0: Called Strike 0-1: Foul Ball, location: 2F 0-2: Reached on error, E4 (Groundball, 34, EV 107.5 MPH) Alfred Coleman scores Adrián Sánchez to second
|
Batting: LHB Lorenzo Ortíz
|
0-0: Fielders Choice at 2nd, U4 (Groundball, 4M, EV 80.6 MPH)
|
Bottom of the 6th over - 4 runs, 4 hits, 1 error, 2 left on base; Put-In-Bay 0 - Grim 5 |
TOP OF THE 7TH |
Put-In-Bay BC batting - Pitching for Grim Reapers : RHP Bill Tennant
|
Pitching: RHP Arnold Sutkamp
|
|
Batting: LHB Sergio Morán
|
0-0: Swinging Strike 0-1: Ball 1-1: Called Strike 1-2: Foul Ball, location: 2F 1-2: Foul Ball, location: 2F 1-2: Foul Ball, location: 2F 1-2: Foul Ball, location: 2F 1-2: Foul Ball, location: 2F 1-2: Fly out, F7 (Flyball, 7, EV 76.2 MPH)
|
Batting: RHB Martin Payton
|
0-0: Swinging Strike 0-1: Called Strike 0-2: Ball 1-2: Ground out 6-3 (Groundball, 6, EV 90.0 MPH)
|
Batting: RHB Tom Hendrickson
|
0-0: Called Strike 0-1: Ball 1-1: Fly out, F8 (Flyball, 89D, EV 101.9 MPH)
|
Top of the 7th over - 0 runs, 0 hits, 0 errors, 0 left on base; Put-In-Bay 0 - Grim 5 |
BOTTOM OF THE 7TH |
Grim Reapers batting - Pitching for Put-In-Bay BC : RHP Jeremy Brody
|
Batting: RHB Hayes Rutherford
|
0-0: Swinging Strike 0-1: Swinging Strike 0-2: Ball 1-2: Ball 2-2: Fly out, F7 (Flyball, 7, EV 94.4 MPH)
|
Pitching: RHP Kane Duckering
|
|
Batting: RHB Lonnie Doble
|
0-0: Ball 1-0: Called Strike 1-1: Ball 2-1: Ball 3-1: Foul Ball, location: 2F 3-2: Fly out, F9 (Flyball, 89M, EV 96.9 MPH)
|
Batting: SHB Fernando Urby
|
0-0: Ball 1-0: Foul Ball, location: 2F 1-1: Swinging Strike 1-2: Strikes out swinging
|
Bottom of the 7th over - 0 runs, 0 hits, 0 errors, 0 left on base; Put-In-Bay 0 - Grim 5 |
TOP OF THE 8TH |
Put-In-Bay BC batting - Pitching for Grim Reapers : RHP Arnold Sutkamp
|
Batting: RHB Andy Noonkester
|
0-0: Ball 1-0: Called Strike 1-1: Ball 2-1: Foul Ball, location: 2F 2-2: Strikes out swinging
|
Batting: RHB Victor Haley
|
0-0: Called Strike 0-1: Swinging Strike 0-2: Strikes out swinging
|
Batting: RHB Kent Potter
|
0-0: Ball 1-0: Ball 2-0: Ground out 5-3 (Groundball, 56, EV 80.6 MPH)
|
Top of the 8th over - 0 runs, 0 hits, 0 errors, 0 left on base; Put-In-Bay 0 - Grim 5 |
BOTTOM OF THE 8TH |
Grim Reapers batting - Pitching for Put-In-Bay BC : RHP Kane Duckering
|
Batting: LHB Lonnie Baker
|
0-0: Fly out, F9 (Line Drive, 9D, EV 86.2 MPH)
|
Batting: RHB Alfred Coleman
|
0-0: Called Strike 0-1: Ball 1-1: Ball 2-1: Swinging Strike 2-2: Strikes out swinging
|
Batting: RHB Adrián Sánchez
|
0-0: Ball 1-0: Ball 2-0: Called Strike 2-1: Called Strike 2-2: Strikes out swinging
|
Bottom of the 8th over - 0 runs, 0 hits, 0 errors, 0 left on base; Put-In-Bay 0 - Grim 5 |
TOP OF THE 9TH |
Put-In-Bay BC batting - Pitching for Grim Reapers : RHP Arnold Sutkamp
|
Batting: RHB Eduard Argelander
|
0-0: SINGLE (Line Drive, 9S, EV 106.2 MPH)
|
Batting: LHB Javier Castro
|
0-0: Called Strike 0-1: Ball 1-1: Called Strike 1-2: Strikes out swinging
|
Batting: LHB Snow Wang
|
0-0: Called Strike 0-1: 2-RUN HOME RUN (Flyball, 89XD, EV 103.1 MPH), Distance : 411 ft
|
Batting: LHB Sergio Morán
|
0-0: Called Strike 0-1: Called Strike 0-2: Strikes out looking
|
Batting: RHB Martin Payton
|
0-0: SINGLE (Groundball, 56D, EV 102.5 MPH)
|
Pitching: RHP Alex O'Dell
|
|
Batting: RHB Tom Hendrickson
|
0-0: Swinging Strike 0-1: DOUBLE (Line Drive, 9LS, EV 90.0 MPH) Martin Payton to third
|
Pinch Hitting: LHB Joseph Wallace
|
0-0: Swinging Strike 0-1: DOUBLE (Line Drive, 9LS, EV 100.0 MPH) Martin Payton scores Tom Hendrickson scores
|
Pinch Hitting: LHB Blake Camden
|
0-0: Foul Ball, location: 2F 0-1: Foul Ball, location: 2F 0-2: Ground out 4-3 (Groundball, 4, EV 100.0 MPH)
|
Top of the 9th over - 4 runs, 5 hits, 0 errors, 1 left on base; Put-In-Bay 4 - Grim 5 |
|